General information
- name: BNet
- type: Ladder team game (AT/RT)
- host: Battle.net
- saver: bobsandersisgod
map: MarketSquare
- players: 8
- length: 104:47
- speed: Fast
- version: 1.24 W3XP
- replay type: Public
» download(396 KB)
Players
team 1 (winner)
sandytubboat (
orange | 17 APM | 1763 actions | 102:42)
6 Priestess of the Moon
3 Trueshot Aura
2 Searing Arrows
1 Starfall
1 Shadow Hunter
1 Healing Wave
» actions
| Basic commands | 15 | |
| Build / train | 139 | |
| Enter build submenu | 49 | |
| Enter hero's abilities submenu | 11 | |
| Remove unit from queue | 9 | |
| Right click | 699 | |
| Select / deselect | 752 | |
| Use ability | 86 | |
1763 total
» units
| Wisp | 26 | |
| Archer | 62 | |
| Hippogryph | 9 | |
| Forest Troll High Priest | 3 | |
| Assassin | 2 | |
| Rogue | 2 | |
| Kobold Geomancer | 1 | |
105 total
» upgrades
| Strength of the Moon | 3 | |
| Moon Armor | 3 | |
| Improved Bows | 1 | |
| Hippogryph Taming | 1 | |
| Marksmanship | 1 | |
9 total
» buildings
| Hunter's Hall | 1 | |
| Moon Well | 15 | |
| Ancient of War | 2 | |
| Tree of Ages | 1 | |
| Altar of Elders | 3 | |
| Ancient of Wind | 1 | |
| Tree of Eternity | 1 | |
| Watch Tower | 11 | |
| Tree of Life | 3 | |
38 total
» build order
00:10 Hunter's Hall
02:14 Moon Well
02:17 Moon Well
03:46 Moon Well
04:04 Moon Well
05:02 Moon Well
05:07 Ancient of War
05:43 Tree of Ages
05:49 Moon Well
06:32 Moon Well
06:39 Altar of Elders
06:57 Moon Well
08:27 Ancient of Wind
11:44 Tree of Eternity
18:05 Ancient of War
31:08 Moon Well
31:11 Moon Well
31:13 Moon Well
31:16 Moon Well
31:18 Moon Well
31:20 Moon Well
31:24 Moon Well
36:25 Watch Tower
36:58 Watch Tower
39:36 Watch Tower
44:20 Watch Tower
45:22 Watch Tower
45:28 Watch Tower
50:23 Tree of Life
51:18 Watch Tower
53:01 Watch Tower
53:04 Watch Tower
53:48 Altar of Elders
54:28 Watch Tower
55:21 Watch Tower
60:01 Tree of Life
62:01 Altar of Elders
68:44 Tree of Life
» items
| Periapt of Vitality | 1 | |
| Circlet of Nobility | 1 | |
| Scroll of Town Portal | 4 | |
6 total
bobsandersisgod (
yellow | 35 APM | 3653 actions | 104:47)
10 Mountain King
3 Storm Bolt
3 Bash
1 Avatar
3 Thunder Clap
1 Tauren Chieftain
1 Endurance Aura
1 Blademaster
1 Wind Walk
2 Firelord
1 Summon Lava Spawn
1 Incinerate
» actions
| Assign group hotkey | 52 | |
| Basic commands | 53 | |
| Build / train | 139 | |
| Enter build submenu | 31 | |
| Enter hero's abilities submenu | 14 | |
| Give item / drop item | 3 | |
| Remove unit from queue | 1 | |
| Right click | 1297 | |
| Select / deselect | 483 | |
| Select group hotkey | 1375 | |
| Use ability | 205 | |
3653 total
» units
| Peasant | 26 | |
| Footman | 5 | |
| Gryphon Rider | 17 | |
| Demolisher | 5 | |
53 total
» upgrades
| Masonry | 3 | |
| Lumber Harvesting | 2 | |
| Animal War Training | 1 | |
| Swords | 2 | |
| Armor | 2 | |
| Storm Hammers | 1 | |
11 total
» buildings
| Altar of Kings | 1 | |
| Barracks | 1 | |
| Farm | 15 | |
| Scout Tower | 34 | |
| Arcane Tower | 2 | |
| Arcane Vault | 1 | |
| Town Hall | 4 | |
| Keep | 2 | |
| Lumber Mill | 1 | |
| Guard Tower | 19 | |
| Castle | 1 | |
| Gryphon Aviary | 3 | |
| Blacksmith | 1 | |
| Orc Burrow | 1 | |
86 total
» build order
00:15 Altar of Kings
00:21 Barracks
00:37 Farm
00:51 Farm
01:36 Farm
01:41 Scout Tower
02:11 Arcane Tower
03:07 Arcane Vault
04:11 Town Hall
04:13 Scout Tower
04:14 Scout Tower
04:14 Scout Tower
04:15 Scout Tower
04:26 Keep
04:48 Lumber Mill
04:57 Arcane Tower
05:50 Guard Tower
06:32 Guard Tower
06:46 Farm
06:47 Farm
06:48 Farm
06:49 Farm
07:08 Scout Tower
07:08 Scout Tower
07:09 Scout Tower
07:34 Castle
07:59 Gryphon Aviary
08:35 Guard Tower
08:36 Guard Tower
09:11 Guard Tower
09:37 Gryphon Aviary
09:51 Farm
09:52 Farm
09:54 Farm
11:06 Gryphon Aviary
11:15 Blacksmith
11:48 Scout Tower
11:48 Scout Tower
11:48 Scout Tower
11:50 Scout Tower
12:52 Guard Tower
13:09 Guard Tower
13:13 Scout Tower
13:14 Scout Tower
13:15 Scout Tower
13:17 Scout Tower
13:17 Scout Tower
13:17 Scout Tower
13:19 Scout Tower
13:19 Scout Tower
13:21 Scout Tower
13:46 Guard Tower
14:07 Guard Tower
14:49 Guard Tower
15:03 Guard Tower
15:42 Guard Tower
17:07 Scout Tower
17:07 Scout Tower
18:13 Guard Tower
18:44 Scout Tower
18:45 Scout Tower
18:46 Scout Tower
18:46 Scout Tower
18:46 Scout Tower
19:30 Guard Tower
19:30 Guard Tower
20:23 Guard Tower
20:59 Farm
20:59 Farm
21:03 Scout Tower
21:03 Scout Tower
21:47 Guard Tower
22:23 Guard Tower
43:49 Town Hall
45:54 Town Hall
46:23 Orc Burrow
69:11 Farm
69:12 Farm
69:12 Farm
73:51 Keep
91:08 Town Hall
» items
| Scroll of Regeneration | 5 | |
| Potion of Mana | 1 | |
| Staff of Teleportation | 1 | |
| Potion of Lesser Invulnerability | 4 | |
| Scroll of Healing | 3 | |
| Scroll of Town Portal | 9 | |
| Lesser Clarity Potion | 1 | |
| Potion of Invisibility | 3 | |
| Dust of Appearance | 1 | |
| Boots of Speed | 1 | |
29 total

»
ThorTheOne (
purple | 40 APM | 985 actions | 24:53)
3 Keeper of the Grove
2 Thorns Aura
1 Force of Nature
» actions
| Assign group hotkey | 14 | |
| Basic commands | 9 | |
| Build / train | 58 | |
| Enter build submenu | 31 | |
| Enter hero's abilities submenu | 3 | |
| Remove unit from queue | 1 | |
| Right click | 462 | |
| Select / deselect | 329 | |
| Select group hotkey | 41 | |
| Use ability | 37 | |
985 total
» units
| Wisp | 21 | |
| Archer | 9 | |
| Huntress | 4 | |
| Dryad | 10 | |
44 total
» upgrades
| Strength of the Wild | 3 | |
| Reinforced Hides | 3 | |
| Abolish Magic | 1 | |
7 total
» buildings
| Moon Well | 9 | |
| Ancient of War | 1 | |
| Altar of Elders | 1 | |
| Ancient of Wonders | 1 | |
| Hunter's Hall | 1 | |
| Ancient Protector | 6 | |
| Tree of Ages | 1 | |
| Tree of Life | 2 | |
| Ancient of Lore | 3 | |
| Tree of Eternity | 1 | |
26 total
» build order
00:12 Moon Well
00:16 Ancient of War
00:19 Altar of Elders
02:35 Moon Well
03:27 Ancient of Wonders
03:37 Moon Well
03:52 Hunter's Hall
04:44 Moon Well
05:02 Ancient Protector
06:06 Ancient Protector
07:26 Tree of Ages
08:23 Tree of Life
08:57 Ancient Protector
09:02 Ancient Protector
10:47 Ancient of Lore
10:52 Ancient of Lore
10:58 Ancient of Lore
11:04 Moon Well
11:08 Moon Well
11:12 Tree of Eternity
11:26 Tree of Life
12:25 Ancient Protector
12:32 Ancient Protector
13:16 Moon Well
13:18 Moon Well
14:13 Moon Well
UndeadOrcKiller (
red | 22 APM | 539 actions | 24:58)
1 Tauren Chieftain
1 War Stomp
» actions
| Build / train | 32 | |
| ESC pressed | 1 | |
| Enter build submenu | 30 | |
| Enter hero's abilities submenu | 1 | |
| Right click | 285 | |
| Select / deselect | 160 | |
| Use ability | 30 | |
539 total
» units
| Peon | 6 | |
| Grunt | 4 | |
| Tauren | 12 | |
| Shaman | 2 | |
24 total
» upgrades
| Pulverize | 1 | |
| Melee Weapons | 2 | |
| Shaman Training | 1 | |
4 total
» buildings
| Orc Burrow | 9 | |
| Barracks | 1 | |
| Altar of Storms | 1 | |
| War Mill | 1 | |
| Watch Tower | 9 | |
| Stronghold | 1 | |
| Fortress | 1 | |
| Tauren Totem | 2 | |
| Spirit Lodge | 1 | |
26 total
» build order
00:23 Orc Burrow
00:39 Barracks
01:01 Altar of Storms
01:51 Orc Burrow
01:59 Orc Burrow
02:16 War Mill
03:12 Orc Burrow
03:21 Orc Burrow
04:10 Watch Tower
04:31 Stronghold
05:22 Orc Burrow
06:50 Orc Burrow
06:53 Fortress
07:57 Orc Burrow
09:17 Tauren Totem
09:20 Tauren Totem
10:40 Orc Burrow
13:10 Watch Tower
13:27 Watch Tower
17:35 Watch Tower
17:39 Watch Tower
19:01 Watch Tower
19:03 Watch Tower
21:28 Spirit Lodge
24:41 Watch Tower
24:43 Watch Tower
team 2 (loser)
Fire.Lord.Zuko (
teal | 17 APM | 1793 actions | 104:31)
7 Death Knight
3 Death Coil
2 Unholy Aura
2 Animate Dead
5 Dark Ranger
3 Black Arrow
1 Life Drain
1 Silence
1 Crypt Lord
1 Spiked Carapace
» actions
| Assign group hotkey | 38 | |
| Basic commands | 1 | |
| Build / train | 78 | |
| Enter build submenu | 24 | |
| Enter hero's abilities submenu | 13 | |
| Give item / drop item | 2 | |
| Remove unit from queue | 6 | |
| Right click | 622 | |
| Select / deselect | 572 | |
| Select group hotkey | 348 | |
| Use ability | 85 | |
1793 total
» units
| Acolyte | 13 | |
| Ghoul | 6 | |
| Crypt Fiend | 6 | |
| Gargoyle | 3 | |
| Obsidian Statue | 3 | |
| Forest Troll High Priest | 2 | |
| Frost Wyrm | 8 | |
41 total
» upgrades
| Creature Attack | 3 | |
| Web | 1 | |
| Freezing Breath | 1 | |
| Creature Carapace | 1 | |
6 total
» buildings
| Altar of Darkness | 1 | |
| Ziggurat | 11 | |
| Crypt | 1 | |
| Tomb of Relics | 1 | |
| Nerubian Tower | 3 | |
| Graveyard | 1 | |
| Spirit Tower | 1 | |
| Halls of the Dead | 1 | |
| Slaughterhouse | 1 | |
| Black Citadel | 1 | |
| Sacrificial Pit | 1 | |
| Boneyard | 2 | |
25 total
» build order
00:08 Altar of Darkness
00:11 Ziggurat
00:33 Crypt
01:04 Ziggurat
01:23 Tomb of Relics
01:56 Nerubian Tower
02:08 Graveyard
02:40 Ziggurat
03:43 Spirit Tower
04:05 Ziggurat
04:11 Halls of the Dead
05:16 Nerubian Tower
05:22 Ziggurat
06:17 Nerubian Tower
06:59 Slaughterhouse
09:07 Black Citadel
09:13 Sacrificial Pit
09:29 Ziggurat
12:13 Boneyard
12:42 Boneyard
16:54 Ziggurat
16:56 Ziggurat
16:58 Ziggurat
24:21 Ziggurat
28:35 Ziggurat
» items
| Rod of Necromancy | 1 | |
| Orb of Corruption | 1 | |
2 total
Minotaurus (
blue | 44 APM | 4588 actions | 104:45)
10 Blademaster
3 Wind Walk
3 Critical Strike
1 Bladestorm
3 Mirror Image
» actions
| Assign group hotkey | 76 | |
| Basic commands | 220 | |
| Build / train | 72 | |
| Enter build submenu | 60 | |
| Enter hero's abilities submenu | 10 | |
| Give item / drop item | 13 | |
| Remove unit from queue | 3 | |
| Right click | 2643 | |
| Select / deselect | 477 | |
| Select group hotkey | 684 | |
| Use ability | 330 | |
4588 total
» units
» upgrades
| Ranged Weapons | 3 | |
| Armor | 2 | |
| Reinforced Defenses | 1 | |
| Envenomed Spears | 1 | |
7 total
» buildings
| Altar of Storms | 1 | |
| Orc Burrow | 17 | |
| Barracks | 1 | |
| Voodoo Lounge | 1 | |
| War Mill | 2 | |
| Stronghold | 1 | |
| Watch Tower | 33 | |
| Great Hall | 5 | |
| Fortress | 1 | |
| Beastiary | 5 | |
67 total
» build order
00:27 Altar of Storms
00:34 Orc Burrow
00:56 Barracks
01:20 Orc Burrow
01:54 Voodoo Lounge
02:43 War Mill
03:29 Stronghold
04:32 Watch Tower
04:33 Watch Tower
04:36 Watch Tower
05:18 Great Hall
05:28 Watch Tower
05:33 Watch Tower
06:59 Watch Tower
06:59 Watch Tower
07:00 Watch Tower
09:10 Watch Tower
09:11 Watch Tower
09:12 Watch Tower
09:18 Fortress
10:48 Watch Tower
10:49 Watch Tower
10:51 Watch Tower
10:51 Watch Tower
10:53 Watch Tower
10:55 Watch Tower
12:05 Beastiary
12:06 Beastiary
12:08 Beastiary
12:49 Orc Burrow
15:18 War Mill
20:23 Beastiary
20:24 Beastiary
22:38 Great Hall
22:45 Watch Tower
22:46 Watch Tower
22:47 Watch Tower
22:48 Watch Tower
22:50 Watch Tower
22:50 Watch Tower
22:51 Watch Tower
22:53 Watch Tower
25:18 Orc Burrow
25:19 Orc Burrow
25:27 Orc Burrow
25:29 Orc Burrow
28:33 Great Hall
28:37 Watch Tower
28:38 Watch Tower
28:39 Watch Tower
28:39 Watch Tower
28:42 Watch Tower
28:43 Watch Tower
28:44 Watch Tower
28:45 Watch Tower
37:39 Great Hall
45:13 Orc Burrow
45:14 Orc Burrow
45:15 Orc Burrow
45:16 Orc Burrow
45:19 Orc Burrow
45:20 Orc Burrow
45:22 Orc Burrow
45:23 Orc Burrow
45:24 Orc Burrow
45:27 Orc Burrow
46:46 Great Hall
» items
| Healing Salve | 2 | |
| Boots of Speed | 3 | |
| Circlet of Nobility | 2 | |
| Potion of Healing | 1 | |
| Potion of Mana | 1 | |
| Lesser Clarity Potion | 1 | |
| Scroll of Town Portal | 2 | |
| Orb of Corruption | 1 | |
| Staff of Teleportation | 1 | |
| Periapt of Vitality | 1 | |
| Dust of Appearance | 6 | |
21 total

»
RyAn_NYC (
green | 56 APM | 2926 actions | 52:12)
8 Death Knight
3 Death Coil
3 Unholy Aura
1 Animate Dead
1 Death Pact
7 Lich
3 Frost Nova
3 Frost Armor
1 Death and Decay
» actions
| Assign group hotkey | 60 | |
| Basic commands | 92 | |
| Build / train | 104 | |
| ESC pressed | 10 | |
| Enter build submenu | 21 | |
| Enter hero's abilities submenu | 16 | |
| Give item / drop item | 11 | |
| Right click | 1051 | |
| Select / deselect | 1271 | |
| Select group hotkey | 122 | |
| Use ability | 168 | |
2926 total
» units
| Acolyte | 8 | |
| Ghoul | 2 | |
| Crypt Fiend | 13 | |
| Obsidian Statue | 5 | |
| Necromancer | 18 | |
| Meatwagon | 7 | |
| Gargoyle | 5 | |
58 total
» upgrades
| Creature Attack | 2 | |
| Creature Carapace | 1 | |
| Burrow | 1 | |
| Web | 1 | |
| Destroyer Form | 1 | |
| Necromancer Training | 2 | |
| Skeletal Mastery | 2 | |
| Skeletal Longevity | 2 | |
| Exhume Corpses | 2 | |
| Banshee Training | 2 | |
16 total
» buildings
| Crypt | 1 | |
| Altar of Darkness | 1 | |
| Ziggurat | 8 | |
| Graveyard | 1 | |
| Tomb of Relics | 1 | |
| Halls of the Dead | 1 | |
| Slaughterhouse | 1 | |
| Black Citadel | 2 | |
| Temple of the Damned | 1 | |
17 total
» build order
00:27 Crypt
00:29 Altar of Darkness
00:35 Ziggurat
00:59 Graveyard
01:21 Tomb of Relics
01:57 Ziggurat
03:20 Ziggurat
04:54 Halls of the Dead
05:52 Ziggurat
06:50 Ziggurat
07:35 Slaughterhouse
09:20 Black Citadel
09:20 Black Citadel
11:56 Temple of the Damned
14:34 Ziggurat
16:21 Ziggurat
22:31 Ziggurat
» items
| Rod of Necromancy | 4 | |
| Boots of Speed | 1 | |
| Scroll of Town Portal | 3 | |
| Orb of Corruption | 1 | |
| Potion of Lesser Invulnerability | 1 | |
10 total

»
xXakadema (
pink | 33 APM | 1193 actions | 35:47)
5 Death Knight
3 Death Coil
2 Unholy Aura
» actions
| Assign group hotkey | 32 | |
| Build / train | 73 | |
| Enter build submenu | 23 | |
| Enter hero's abilities submenu | 5 | |
| Remove unit from queue | 1 | |
| Right click | 388 | |
| Select / deselect | 424 | |
| Select group hotkey | 216 | |
| Use ability | 31 | |
1193 total
» units
| Acolyte | 23 | |
| Ghoul | 4 | |
| Crypt Fiend | 30 | |
57 total
» upgrades
| Creature Attack | 3 | |
| Web | 1 | |
| Creature Carapace | 3 | |
7 total
» buildings
| Ziggurat | 9 | |
| Altar of Darkness | 1 | |
| Crypt | 2 | |
| Graveyard | 1 | |
| Halls of the Dead | 1 | |
| Black Citadel | 1 | |
15 total
» build order
00:10 Ziggurat
00:17 Altar of Darkness
00:45 Crypt
01:01 Ziggurat
01:36 Crypt
02:22 Graveyard
02:46 Ziggurat
03:35 Halls of the Dead
03:49 Ziggurat
07:47 Black Citadel
08:00 Ziggurat
08:52 Ziggurat
13:16 Ziggurat
14:57 Ziggurat
15:00 Ziggurat
Chat log
(00:07 / All) Minotaurus: LET'S DO THIS BOIS
(00:18 / All) UndeadOrcKiller: -.-
(00:29 / Allies) ThorTheOne: plan?
(00:35 / Allies) UndeadOrcKiller: grunts taruen
(00:37 / Allies) ThorTheOne: i vote cc
(00:38 / Allies) ThorTheOne: ok
(00:41 / Allies) ThorTheOne: yellow?
(00:42 / Allies) UndeadOrcKiller: cc
(00:54 / Allies) ThorTheOne: reds grunts to tauren
(00:58 / Allies) bobsandersisgod: i got griffs
(00:59 / Allies) ThorTheOne: can u get some casters 2 red ?
(01:04 / Allies) sandytubboat: you will see
(01:13 / Allies) UndeadOrcKiller: ?
(01:14 / Allies) sandytubboat: i need your heros here after
(01:21 / Allies) sandytubboat: make heros send here
(01:23 / All) UndeadOrcKiller: ?
(01:40 / Allies) UndeadOrcKiller: ?
(01:40 / Allies) ThorTheOne: ill grab dryads and giants
(02:03 / Allies) sandytubboat: there all fukin undead
(02:32 / All) bobsandersisgod: lebron owned cavs
(02:38 / Allies) sandytubboat: 3 undead
(02:48 / Allies) ThorTheOne: 3 ud and orc
(02:50 / Allies) UndeadOrcKiller: 3 1 orc
(03:10 / Allies) sandytubboat: well i was gonna do this crazy thing
(03:12 / Allies) sandytubboat: but
(03:18 / Allies) sandytubboat: there all undead cant o that
(03:23 / Allies) bobsandersisgod: crazy how
(03:24 / Allies) bobsandersisgod: this is 4v4rt
(03:28 / Allies) bobsandersisgod: everything is crazy
(03:39 / Allies) sandytubboat: i m,ake allot of trees at there base
(03:50 / Allies) sandytubboat: it ruins them
(04:00 / Allies) sandytubboat: did it to late now im behined
(04:12 / Allies) ThorTheOne: u have a crap ton of gold
(04:34 / Allies) sandytubboat: who needs soe
(04:39 / Allies) bobsandersisgod: i need gold
(04:43 / Allies) UndeadOrcKiller: wood here (:
(04:55 / Allies) UndeadOrcKiller: orange you need units wtf ?
(05:13 / Allies) UndeadOrcKiller: lagg.
(05:34 / Allies) UndeadOrcKiller: big lag.
(05:40 / Allies) sandytubboat: me?
(05:47 / Allies) UndeadOrcKiller: no im just lagg..
(05:55 / Allies) UndeadOrcKiller: its all skippie
(06:20 / Allies) UndeadOrcKiller: wood me for turen
(06:37 / Allies) UndeadOrcKiller: thanks , imma need it
(07:14 / Allies) bobsandersisgod: wood
(07:17 / Allies) bobsandersisgod: for griffs
(07:33 / Allies) sandytubboat: you need some ?
(07:39 / Allies) bobsandersisgod: yes
(08:01 / Allies) sandytubboat: cant right now sorry lmao
(08:35 / Allies) ThorTheOne: dryads up soon
(08:42 / Allies) UndeadOrcKiller: taruen soon
(08:47 / Allies) bobsandersisgod: if they attack my expo we defend it
(09:28 / Allies) UndeadOrcKiller: lol?
(09:46 / Allies) UndeadOrcKiller: wood me
(10:07 / Allies) ThorTheOne: fucking dick
(10:14 / Allies) sandytubboat: gave you bth 100
(10:57 / All) Fire.Lord.Zuko: wtf
(11:14 / All) Fire.Lord.Zuko: dude
(11:17 / All) UndeadOrcKiller: ?
(11:35 / Allies) bobsandersisgod: i got aa focus on melee and casters
(11:48 / Allies) ThorTheOne: ?
(11:54 / Allies) UndeadOrcKiller: somone aa
(11:57 / Allies) ThorTheOne: i have dryads
(12:01 / Allies) UndeadOrcKiller: kk
(12:09 / Allies) UndeadOrcKiller: yellow getting air ?
(12:11 / Allies) bobsandersisgod: yes
(12:13 / Allies) ThorTheOne: gryphs
(12:14 / Allies) UndeadOrcKiller: kk
(12:38 / Allies) UndeadOrcKiller: LOL AGAIN !
(12:47 / Allies) ThorTheOne: no shit
(12:52 / Allies) ThorTheOne: hes being a massive douche
(13:26 / Allies) bobsandersisgod: wood
(13:27 / Allies) bobsandersisgod: wood
(13:54 / Allies) bobsandersisgod: tp?
(13:57 / Allies) ThorTheOne: how long til those
(14:00 / Allies) ThorTheOne: tauren
(14:01 / Allies) sandytubboat: no one evens tellys
(14:08 / Allies) ThorTheOne: i cant
(14:09 / Allies) ThorTheOne: fucking blue
(14:23 / Allies) UndeadOrcKiller: mass fiends..
(14:51 / Allies) ThorTheOne: im getting my fucking expo
(14:56 / Allies) bobsandersisgod: expo is there
(14:57 / Allies) UndeadOrcKiller: hit these motherfuckaa
(14:57 / Allies) bobsandersisgod: attack
(15:02 / Allies) sandytubboat: what kills spiders
(15:23 / Allies) bobsandersisgod: attack their
(15:45 / Allies) UndeadOrcKiller: coming purp
(15:51 / Allies) ThorTheOne: r u SERIOUS
(15:59 / Allies) ThorTheOne: i cant get a fucking expo
(16:53 / Allies) UndeadOrcKiller: wood for gold?
(17:36 / Allies) sandytubboat: i got enof
(17:40 / Allies) UndeadOrcKiller: mhm
(19:08 / Allies) ThorTheOne: fucking rediculus
(19:20 / Allies) ThorTheOne: seriously mass fucking fiends
(19:39 / Allies) UndeadOrcKiller: yellow stop fucking build towers and build units
(20:07 / Allies) sandytubboat: purp run
(20:23 / Allies) UndeadOrcKiller: tp to me now !
(20:27 / Allies) ThorTheOne: 2 late
(20:29 / Allies) UndeadOrcKiller: there coming to me cmon !!!!
(20:35 / Allies) ThorTheOne: tp to red guys
(20:36 / Allies) ThorTheOne: gogo
(20:40 / Allies) UndeadOrcKiller: ORANGe COMON YELOW COMON
(20:53 / Allies) ThorTheOne: yellow
(20:58 / Allies) sandytubboat: kk
(21:11 / Allies) ThorTheOne: yep thats game
(21:35 / Allies) UndeadOrcKiller: i know ..
(21:43 / Allies) UndeadOrcKiller: mas acher wtf ?
(22:38 / All) Fire.Lord.Zuko: :)
(22:44 / All) sandytubboat: :)
(22:46 / All) ThorTheOne: mass fiends surprisingly works
(22:48 / Allies) UndeadOrcKiller: get sham
(22:50 / All) sandytubboat: i love you teal
(22:52 / All) ThorTheOne: didnt think it would :D
(22:53 / Allies) UndeadOrcKiller: i know right
(22:55 / All) Fire.Lord.Zuko: love you to
(23:06 / All) Fire.Lord.Zuko: night fall is almost over
(23:07 / All) sandytubboat: bring it bitch
(23:10 / All) Fire.Lord.Zuko: lol
(23:27 / Allies) UndeadOrcKiller: i need aa !!!
(23:41 / All) sandytubboat: noooooooooooo im princes
(24:23 / All) UndeadOrcKiller: fuck this noob team here i dont wanna play
(26:21 / Allies) sandytubboat: ima mazing
(26:24 / Allies) sandytubboat: lmao
(28:32 / Allies) sandytubboat: yellow
(28:38 / Allies) sandytubboat: whanna go hard on defence
(28:48 / Allies) sandytubboat: well liv in your base
(28:55 / Allies) sandytubboat: iull use star fall
(29:09 / Allies) sandytubboat: es no mabe
(30:49 / All) Minotaurus: leave faggots you lost!
(33:00 / All) bobsandersisgod: orange is funny sir
(33:12 / All) bobsandersisgod: "stay in ur base and we'll protect i got starfall"
(34:16 / All) Fire.Lord.Zuko: omg blue
(34:28 / All) bobsandersisgod: u guys our clown
(34:29 / All) bobsandersisgod: i owned u
(34:31 / All) bobsandersisgod: 1v4
(35:02 / All) Minotaurus: This is an orc world
(35:06 / All) RyAn_NYC: WHAT AREYOU DOING .
(35:43 / All) Minotaurus: ORCS OVER ALL
(36:03 / All) bobsandersisgod: just leave assholes ur trash
(36:08 / All) bobsandersisgod: this is an orc world
(36:15 / All) bobsandersisgod: ud aren't allowed
(36:30 / All) bobsandersisgod: oj has nothing but archers, he is pro
(36:49 / All) bobsandersisgod: ty mr turncoat
(36:52 / All) bobsandersisgod: well played sir
(37:08 / All) bobsandersisgod: you and i have great chemistry, just like the colts defend w/ sanders and peyton's offense
(37:24 / All) Minotaurus: indeed
(37:37 / All) bobsandersisgod: u were leeching exp the entire game?
(37:45 / All) Minotaurus: after level 6
(38:07 / All) bobsandersisgod: orange
(38:10 / All) bobsandersisgod: u here
(38:13 / Allies) sandytubboat: ya
(38:16 / All) bobsandersisgod: hit pink's base, will ya buddy
(38:20 / All) bobsandersisgod: they have no units
(38:23 / All) Fire.Lord.Zuko: dont worry
(38:24 / All) bobsandersisgod: u can get off a clean starfall
(38:28 / All) Fire.Lord.Zuko: blue is taking care of that
(38:30 / All) bobsandersisgod: shutup teal you fool,
(38:34 / All) bobsandersisgod: we know u got stabbed
(38:35 / All) Fire.Lord.Zuko: wtf
(38:38 / All) bobsandersisgod: its not a surprise
(38:40 / All) bobsandersisgod: this is 4v4rt
(39:00 / All) bobsandersisgod: hit
(39:01 / All) Minotaurus: Your mother get fuck me
(39:03 / All) RyAn_NYC: you are fucing ""
(39:13 / All) bobsandersisgod: ur mother get fuck me
(39:15 / All) Minotaurus: You're the fucing
(39:16 / All) bobsandersisgod: thats classic
(39:19 / All) bobsandersisgod: he has to be euro
(39:31 / All) Minotaurus: Probably a puerto rican
(39:38 / All) bobsandersisgod: and the new york knicks suck
(39:49 / All) Fire.Lord.Zuko: yea they suck balls
(40:03 / All) RyAn_NYC: fuck you.
(40:48 / All) Minotaurus: Wyrms lost
(40:50 / All) Minotaurus: 0
(40:54 / All) Minotaurus: Damage taken
(40:55 / All) bobsandersisgod: teal is 2-1
(40:59 / Allies) sandytubboat: yo yellow
(41:01 / All) bobsandersisgod: green 14-17
(41:02 / All) Fire.Lord.Zuko: so
(41:05 / All) Fire.Lord.Zuko: new profile
(41:09 / All) bobsandersisgod: yes orange
(41:14 / All) bobsandersisgod: aka teal
(41:17 / Allies) sandytubboat: can i have like 500
(41:20 / All) Fire.Lord.Zuko: ?
(41:21 / Allies) sandytubboat: ima attck
(41:43 / Allies) sandytubboat: i need 150
(41:49 / Allies) sandytubboat: mor
(41:56 / All) Minotaurus: So you want orange to win?
(41:57 / All) bobsandersisgod: wut items does ur bm have
(42:02 / All) bobsandersisgod: i got 5 protection
(42:09 / All) bobsandersisgod: yea orange is clueless
(42:13 / All) Minotaurus: crown of kings, tp staff, tp, pendant of energy and orb of corruption
(42:17 / All) Minotaurus: boots of speed
(43:06 / All) Minotaurus: who me?
(43:19 / All) Fire.Lord.Zuko: why play this game?
(43:30 / All) Fire.Lord.Zuko: blue
(43:44 / All) Minotaurus: it's fun
(43:50 / All) Fire.Lord.Zuko: sure
(44:44 / All) bobsandersisgod: can we have dual 6 firelords sir
(44:50 / All) Fire.Lord.Zuko: you just gave away the game
(45:01 / All) Fire.Lord.Zuko: im dead
(45:02 / All) Minotaurus: Alright
(45:02 / All) Fire.Lord.Zuko: how?
(45:18 / All) RyAn_NYC: son-of-bitch Minotaurus you are mother fuck .....fuck you ..fuck you
(45:22 / All) RyAn_NYC: son-of-bitch Minotaurus you are mother fuck .....fuck you ..fuck you
(45:25 / All) RyAn_NYC: son-of-bitch Minotaurus you are mother fuck .....fuck you ..fuck you
(45:26 / All) RyAn_NYC: son-of-bitch Minotaurus you are mother fuck .....fuck you ..fuck you
(45:27 / All) RyAn_NYC: son-of-bitch Minotaurus you are mother fuck .....fuck you ..fuck you
(45:28 / All) RyAn_NYC: son-of-bitch Minotaurus you are mother fuck .....fuck you ..fuck you
(45:29 / All) RyAn_NYC: son-of-bitch Minotaurus you are mother fuck .....fuck you ..fuck you
(45:30 / All) RyAn_NYC: son-of-bitch Minotaurus you are mother fuck .....fuck you ..fuck you
(45:31 / All) RyAn_NYC: son-of-bitch Minotaurus you are mother fuck .....fuck you ..fuck you
(45:32 / All) RyAn_NYC: son-of-bitch Minotaurus you are mother fuck .....fuck you ..fuck you
(47:31 / All) Minotaurus: Stop with the name calling already
(47:37 / All) Fire.Lord.Zuko: fag
(47:37 / Allies) sandytubboat: yellow
(47:42 / All) Fire.Lord.Zuko: duoche
(47:45 / All) Fire.Lord.Zuko: douche
(47:47 / Allies) sandytubboat: can i have a litle more money pleas
(47:51 / All) Fire.Lord.Zuko: nigger
(47:53 / All) Fire.Lord.Zuko: spick
(47:57 / All) Fire.Lord.Zuko: wet back
(48:04 / All) Minotaurus: stop guys
(48:08 / All) Fire.Lord.Zuko: lol
(48:19 / All) Fire.Lord.Zuko: what a vagg
(48:28 / All) bobsandersisgod: teal my mother is watching me play, please go easy on bad language
(48:29 / All) RyAn_NYC: WHAT YOU DOING IN THIS GAME。。。 BITCH
(48:56 / All) Fire.Lord.Zuko: fuck fuck mother mother fuck, mother mother fuck fuck shois shois shois
(49:09 / All) RyAn_NYC: he is not play a game 。
(49:09 / All) Fire.Lord.Zuko: 1..2..123 shois shois shois
(49:24 / All) RyAn_NYC: watch he play 。。。。
(49:27 / All) RyAn_NYC: son-of-bitch Minotaurus you are mother fuck .....fuck you ..fuck you
(49:34 / All) RyAn_NYC: son-of-bitch Minotaurus you are mother fuck .....fuck you ..fuck you
(49:35 / All) RyAn_NYC: V
(49:43 / All) bobsandersisgod: oj is 25-31
(49:50 / Allies) sandytubboat: yellow
(49:58 / All) bobsandersisgod: what orange
(50:05 / Allies) sandytubboat: money
(50:07 / All) Fire.Lord.Zuko: i made a new account cause fags like blue
(50:24 / Allies) sandytubboat: yay
(50:33 / Allies) sandytubboat: thanks
(50:33 / All) Fire.Lord.Zuko: thats why im 2-1
(50:46 / All) Minotaurus: You're 2-2 now
(50:47 / All) Minotaurus: :)
(50:49 / All) Minotaurus: You suck fag
(50:49 / All) Fire.Lord.Zuko: wow blue
(50:54 / All) Fire.Lord.Zuko: i do?
(50:57 / All) Minotaurus: yeah
(51:00 / All) Fire.Lord.Zuko: at least i play to win
(51:01 / All) Minotaurus: with fiends
(51:16 / All) Fire.Lord.Zuko: um yea cause yous a duche bag
(51:39 / Allies) sandytubboat: yellow
(51:46 / All) bobsandersisgod: what orange
(51:47 / All) RyAn_NYC: see bitch ..you lost....
(52:00 / All) bobsandersisgod: i hate this god damn couch cover its hot as hell to sit on
(52:02 / All) bobsandersisgod: im sweating
(52:03 / Allies) sandytubboat: wtf we doing
(52:04 / All) bobsandersisgod: in thisheat
(52:24 / Allies) sandytubboat: can we just finnish this
(52:26 / All) Minotaurus: lol
(52:28 / All) Minotaurus: teal gave control
(52:33 / All) Minotaurus: I think he wanted to trick me
(52:37 / All) Fire.Lord.Zuko: yea
(52:39 / All) Fire.Lord.Zuko: failed
(52:56 / All) bobsandersisgod: attack me ho
(52:58 / All) bobsandersisgod: at fountain
(53:01 / All) bobsandersisgod: mk vs bm
(53:19 / All) bobsandersisgod: items allowed
(53:59 / All) Fire.Lord.Zuko: KILL HIM YELLOW!
(54:15 / Allies) sandytubboat: lmao
(54:16 / All) Fire.Lord.Zuko: SECOND FROM TEH BOT!
(54:20 / All) Fire.Lord.Zuko: t
(54:33 / All) Fire.Lord.Zuko: KILL HIM!
(55:00 / All) Minotaurus: lawl
(55:01 / All) Minotaurus: bitch
(55:04 / All) Fire.Lord.Zuko: WOW
(55:05 / All) bobsandersisgod: owned u ho
(55:07 / All) Minotaurus: you forfeit
(55:11 / All) Fire.Lord.Zuko: yea you did
(55:13 / All) bobsandersisgod: i concede
(55:52 / All) sandytubboat: no pleas
(55:57 / All) sandytubboat: ima dueal you
(56:01 / All) Minotaurus: lol
(56:02 / All) bobsandersisgod: lawl
(56:04 / All) bobsandersisgod: "dueal"
(56:48 / All) Fire.Lord.Zuko: blue
(56:54 / All) Fire.Lord.Zuko: how do you have no stats?
(56:55 / All) Minotaurus: why did you cancel your hero
(57:04 / All) Minotaurus: Magic and miracles
(57:09 / All) bobsandersisgod: i was wondering the same thing, why did he cancel
(57:30 / All) Fire.Lord.Zuko: well good bye
(57:35 / All) Minotaurus: heh
(57:36 / All) Fire.Lord.Zuko: im staying 2-1
(57:39 / All) Minotaurus: that just made it easier to kill
(57:44 / All) bobsandersisgod: lawl teal
(57:49 / All) Fire.Lord.Zuko: um no
(58:03 / Allies) sandytubboat: yellow
(58:11 / All) bobsandersisgod: yes orange
(58:21 / Allies) sandytubboat: can we kill this guy
(58:22 / All) bobsandersisgod: orange talk in all chat man,
(58:28 / All) bobsandersisgod: hit "enter" to
(59:05 / All) Fire.Lord.Zuko: yellow
(59:08 / All) Fire.Lord.Zuko: kill blue
(59:15 / All) bobsandersisgod: i dont know how teal
(59:23 / All) Fire.Lord.Zuko: k
(59:26 / All) Fire.Lord.Zuko: then you noob
(59:35 / All) bobsandersisgod: u like my mother teal?
(59:41 / All) Fire.Lord.Zuko: no
(60:12 / All) Fire.Lord.Zuko: lol
(60:20 / Allies) sandytubboat: go kill him
(60:32 / All) bobsandersisgod: ok orange ill go kill him
(60:33 / All) bobsandersisgod: for u
(60:34 / All) Fire.Lord.Zuko: i can wait all night blue
(60:45 / All) Minotaurus: lol
(60:46 / All) Minotaurus: for what
(60:51 / All) bobsandersisgod: ill never get tired of 4v4rt, u can always get into classic games with 40 percent players
(60:53 / All) Fire.Lord.Zuko: for you to win or lose
(61:08 / All) Minotaurus: it's not gonna take all night
(61:18 / All) Fire.Lord.Zuko: then win or lose alreadt
(61:21 / All) Fire.Lord.Zuko: already
(61:27 / All) Minotaurus: I'm having fun
(61:32 / All) Fire.Lord.Zuko: k
(61:40 / Allies) sandytubboat: how mutch money he got
(61:42 / All) Minotaurus: You just mad cuz I'm styling on you
(61:53 / All) Fire.Lord.Zuko: um styling how?
(62:04 / All) Fire.Lord.Zuko: your style screams fag
(62:05 / All) Minotaurus: The Ku Klux Klan running wild all over you
(62:28 / All) Fire.Lord.Zuko: your more like a korean kamikaze bomber
(62:38 / All) Minotaurus: Korean?
(62:43 / All) Fire.Lord.Zuko: with a bumby dildo in your ass
(62:45 / All) Minotaurus: Methinks you don't know much about history
(63:18 / All) Minotaurus: did he cancel hero again?
(63:18 / All) Fire.Lord.Zuko: me thinks you like to get ass raped by afgans
(63:47 / All) bobsandersisgod: shadowmelding in daytime is agood idea oj
(63:56 / All) Minotaurus: aw
(64:16 / All) Fire.Lord.Zuko: your a pussy blue
(64:21 / All) Minotaurus: how so
(64:35 / All) Fire.Lord.Zuko: you wont 1 vs 1 yellows mk
(64:43 / All) Minotaurus: I already did and he fled
(64:55 / All) Fire.Lord.Zuko: do it away from fountains
(65:40 / All) Fire.Lord.Zuko: TOP ONE YELLO!
(65:51 / All) Minotaurus: You treacherous traitor
(65:51 / All) Fire.Lord.Zuko: k yellow pussy
(65:58 / All) Fire.Lord.Zuko: ha your funny
(66:35 / Allies) sandytubboat: go there
(67:20 / All) Fire.Lord.Zuko: bot one!
(67:25 / All) Fire.Lord.Zuko: now top
(67:29 / All) Fire.Lord.Zuko: yea
(67:31 / All) Fire.Lord.Zuko: that one
(68:00 / All) Fire.Lord.Zuko: get him
(68:12 / All) Fire.Lord.Zuko: HAMMER!@
(68:24 / All) bobsandersisgod: gay
(68:24 / All) Fire.Lord.Zuko: aw
(68:27 / All) Fire.Lord.Zuko: blue wins
(68:38 / All) Fire.Lord.Zuko: at fountains
(68:43 / All) Fire.Lord.Zuko: in the middle
(68:48 / All) Fire.Lord.Zuko: to late
(69:05 / All) Fire.Lord.Zuko: face it blue
(69:11 / All) Minotaurus: face what
(69:20 / All) Fire.Lord.Zuko: even if you beat yellow mk you cant destroy his bace
(69:23 / All) Fire.Lord.Zuko: base
(69:25 / All) Fire.Lord.Zuko: you lose
(69:28 / All) Minotaurus: lol
(69:36 / All) bobsandersisgod: teal you are correct
(69:38 / All) bobsandersisgod: blue has no chance
(69:49 / All) Fire.Lord.Zuko: so just leave so i can stay 2-1
(69:58 / All) Minotaurus: you'll be 2-2 lol
(70:02 / All) Fire.Lord.Zuko: na
(70:04 / All) Minotaurus: yah
(70:06 / All) Fire.Lord.Zuko: no
(70:07 / All) Minotaurus: unless I win
(70:13 / All) Fire.Lord.Zuko: idc if you win
(70:17 / All) Fire.Lord.Zuko: you suck dick for fun
(70:20 / All) Minotaurus: you'll lose if I lose
(70:25 / All) Fire.Lord.Zuko: idc
(70:28 / All) bobsandersisgod: who the fuck got the other items from red creeps
(70:36 / All) Fire.Lord.Zuko: prolly oj
(70:38 / All) Minotaurus: Pink and teal I believe
(71:33 / All) Minotaurus: Wake up!
(71:35 / All) Minotaurus: RISE AND SHIEN!
(71:46 / All) Fire.Lord.Zuko: waky waky hands off the snaky
(72:38 / All) bobsandersisgod: oj revive ur hero at tavern ok
(73:45 / All) Fire.Lord.Zuko: i hope yellow wins
(73:52 / All) Minotaurus: lawl
(73:53 / All) Fire.Lord.Zuko: cause blue is cheap
(74:08 / All) Minotaurus: so is your mother but you don't hear me complaining
(74:14 / All) Fire.Lord.Zuko: lawl is the gayest saying ive ever hurd of
(74:26 / All) Fire.Lord.Zuko: gayer than silly bands
(74:50 / All) Fire.Lord.Zuko: yellow
(74:55 / All) Fire.Lord.Zuko: plz kill blue
(75:00 / All) bobsandersisgod: ok
(75:01 / All) bobsandersisgod: will do
(75:22 / All) Fire.Lord.Zuko: wait
(75:28 / All) Fire.Lord.Zuko: are you guys in the same clan?
(75:59 / All) bobsandersisgod: whats a clan
(76:05 / All) Fire.Lord.Zuko: wow
(76:40 / All) bobsandersisgod: revive it oj
(76:41 / All) bobsandersisgod: come on
(76:46 / All) bobsandersisgod: dont be apoor sport
(76:53 / Allies) sandytubboat: he wait there you talk to him
(76:57 / Allies) sandytubboat: you set me up
(76:58 / All) bobsandersisgod: no orange
(77:03 / All) bobsandersisgod: i won't "set u up"
(77:13 / All) Fire.Lord.Zuko: you are
(77:21 / All) Fire.Lord.Zuko: you both no each other
(77:35 / All) sandytubboat: ya they do
(77:40 / All) Fire.Lord.Zuko: wpw
(77:42 / All) Fire.Lord.Zuko: wow
(77:49 / All) Fire.Lord.Zuko: let me guess you two are admins?
(78:05 / All) Minotaurus: admins for what
(78:12 / All) sandytubboat: they are both with no lives
(78:13 / All) Fire.Lord.Zuko: this game dumb fuck
(78:19 / All) Fire.Lord.Zuko: yea i can tell
(78:26 / All) bobsandersisgod: revive ur hero oj
(78:28 / All) bobsandersisgod: come on
(78:33 / All) Fire.Lord.Zuko: fuck it oj
(78:34 / All) sandytubboat: like lmao i just whanna fukin do it lol
(78:35 / All) Fire.Lord.Zuko: dont
(79:04 / All) Fire.Lord.Zuko: ....
(79:11 / All) bobsandersisgod: revieve it oj
(79:58 / All) bobsandersisgod: i got 12k u?
(80:03 / All) Minotaurus: 14.5
(80:07 / All) bobsandersisgod: revive it there
(80:19 / All) Fire.Lord.Zuko: you two planed this from the star
(80:22 / All) Fire.Lord.Zuko: start
(80:36 / All) Minotaurus: Stop with yoru baseless accusations
(80:37 / All) Fire.Lord.Zuko: why the fuck do you do you feel the need to ruin this game
(80:48 / All) bobsandersisgod: watch your language teal
(80:50 / All) sandytubboat: dude blue your retarded
(80:54 / All) bobsandersisgod: i am an administrator
(81:01 / All) Fire.Lord.Zuko: then why
(81:04 / All) sandytubboat: lmao your invvis right next to it
(81:06 / All) Fire.Lord.Zuko: why ruin this game
(81:34 / All) Fire.Lord.Zuko: oj dont bother
(81:55 / All) Fire.Lord.Zuko: i knew you were cause i remeber you and blue doing this before
(82:02 / All) bobsandersisgod: really
(82:03 / All) Minotaurus: lol really?
(82:04 / All) bobsandersisgod: whats ur aka
(82:05 / All) bobsandersisgod: teal
(82:07 / All) bobsandersisgod: we would know it
(82:23 / All) Fire.Lord.Zuko: LoAdEaD
(82:32 / All) Minotaurus: don't remember you
(82:35 / All) bobsandersisgod: same
(82:39 / All) Fire.Lord.Zuko: well i remeber you
(82:44 / All) Minotaurus: what did we do
(82:50 / All) bobsandersisgod: u sure u werent on a different aka
(82:53 / All) Fire.Lord.Zuko: blue was a blood mage
(83:03 / All) Fire.Lord.Zuko: i have yeridav
(83:05 / All) bobsandersisgod: how do u remember the colors
(83:10 / All) bobsandersisgod: yeridav?
(83:16 / All) Fire.Lord.Zuko: blue was red and had a blood mage
(83:18 / All) Minotaurus: what did we do
(83:33 / All) Fire.Lord.Zuko: you tk'ed someones base and everyone left
(83:40 / All) Fire.Lord.Zuko: so i just left
(83:45 / All) Fire.Lord.Zuko: but reallt
(83:50 / All) Fire.Lord.Zuko: why ruin this game
(84:01 / All) Fire.Lord.Zuko: its fucks like you that i have to re-make accounts
(85:13 / All) Fire.Lord.Zuko: thats why i cant get blue's stats
(85:17 / All) Fire.Lord.Zuko: your both admin
(85:52 / All) sandytubboat: they hacked
(86:03 / All) sandytubboat: they are not admins they got things of internet
(86:10 / All) sandytubboat: to hack it like codes
(86:27 / All) Minotaurus: lol
(87:10 / All) Fire.Lord.Zuko: let me guess ip scramblers and all?
(87:29 / All) Minotaurus: Pretty good guess
(87:31 / All) Fire.Lord.Zuko: figures
(87:34 / All) Minotaurus: do you have experience in this area?
(87:43 / All) Fire.Lord.Zuko: why the fuck do you care
(87:48 / All) Minotaurus: Just curious
(87:53 / All) Minotaurus: you seem knowledgeable
(88:17 / All) Fire.Lord.Zuko: i do have to say you prolly have about 30 hero kills
(88:54 / All) Fire.Lord.Zuko: let me guess you have a drop account so now one can hack you or find you
(89:02 / All) Fire.Lord.Zuko: or blank account
(89:20 / All) Fire.Lord.Zuko: and your prolly on a mac right now
(89:30 / All) Minotaurus: YOu're pretty good you sohuld be a sleuth
(89:30 / All) Fire.Lord.Zuko: that you buit yourself
(90:01 / All) Fire.Lord.Zuko: prolly hacking off someones wireless too
(90:16 / All) bobsandersisgod: thats legal
(90:17 / All) Minotaurus: dude is freaking me out
(90:24 / All) Fire.Lord.Zuko: yea i know
(90:42 / All) bobsandersisgod: no touching my hero oj
(91:02 / All) Fire.Lord.Zuko: im no expert like it seems you are
(91:30 / All) sandytubboat: dont kill me i whanna walk
(91:39 / All) Minotaurus: lol
(91:44 / All) Fire.Lord.Zuko: blue your canadian arnt you?
(91:50 / All) sandytubboat: noooo
(91:53 / All) Minotaurus: French Canadien actually
(91:56 / All) sandytubboat: ima kill you
(91:58 / All) Fire.Lord.Zuko: lol
(92:02 / All) sandytubboat: hes not hes amarrican
(92:21 / All) Minotaurus: I'm from Quebec
(92:26 / All) sandytubboat: o ya
(92:31 / All) sandytubboat: i beleave him
(92:39 / All) sandytubboat: there pretty big fags there lmao
(92:45 / All) sandytubboat: there frienh sucks balls
(92:47 / All) Fire.Lord.Zuko: your not from america are you oj
(92:48 / All) Minotaurus: Shut your whore mouth
(92:54 / Allies) sandytubboat: im canadian
(92:59 / All) sandytubboat: lmao
(93:15 / All) sandytubboat: cant beleave you retard whanted to seperate
(93:20 / All) sandytubboat: lmao
(93:36 / All) bobsandersisgod: top right?
(93:44 / All) bobsandersisgod: separate?
(93:45 / All) sandytubboat: hole quebeck is
(93:54 / All) Minotaurus: Anglo Canadians are asses
(93:58 / All) Minotaurus: Like ape
(94:00 / All) Minotaurus: Not man
(94:08 / All) sandytubboat: lmao
(94:15 / All) sandytubboat: ude quebec
(94:20 / All) sandytubboat: thats sad
(94:30 / All) Fire.Lord.Zuko: i hate canida cause its so easy to get out but its easy to get in
(94:46 / All) bobsandersisgod: that doesn't make sense teal
(94:47 / All) Fire.Lord.Zuko: hard to get out
(94:49 / All) Fire.Lord.Zuko: fuck
(94:55 / All) Fire.Lord.Zuko: i knowe
(94:57 / All) Fire.Lord.Zuko: lol
(95:02 / All) Fire.Lord.Zuko: typing fast
(95:08 / All) sandytubboat: no you and blue are just retarded
(95:27 / All) sandytubboat: its hard to get outa canada but its easy to get in
(95:40 / All) sandytubboat: like united sates allot more security
(96:45 / All) bobsandersisgod: this is like a 2 hour game
(96:49 / All) bobsandersisgod: haven't had this in a while
(96:57 / All) bobsandersisgod: my couch is soaking wet from my back sweating
(97:01 / All) bobsandersisgod: its 90 at night in cali
(97:28 / All) bobsandersisgod: nice
(97:39 / All) bobsandersisgod: predict ur hero kills
(97:43 / All) bobsandersisgod: i say like 57
(97:44 / All) Minotaurus: 48
(97:52 / All) sandytubboat: y you still here teal
(98:04 / All) Minotaurus: We should try to get like over 100 hero kills
(98:06 / All) Minotaurus: in a game
(98:07 / All) sandytubboat: whanna go into another match
(98:14 / All) Fire.Lord.Zuko: sure
(98:15 / All) bobsandersisgod: no orange
(98:17 / All) Minotaurus: by mass reviving level 1 hero
(98:17 / All) bobsandersisgod: we're staying
(98:27 / All) bobsandersisgod: we can still dot hat
(98:32 / All) sandytubboat: then invite me
(98:36 / All) Fire.Lord.Zuko: yellow
(98:36 / Allies) sandytubboat: teal
(98:45 / All) bobsandersisgod: what teal
(98:48 / All) Fire.Lord.Zuko: if your drop hack him ill leave and take the 2-2
(99:35 / All) Minotaurus: Dream 15 I think comes on in half an hour
(99:38 / All) Fire.Lord.Zuko: i bet blue is waiting for me to leave
(99:41 / All) bobsandersisgod: whats that
(99:44 / All) Minotaurus: lol
(99:46 / All) Minotaurus: mma
(99:56 / All) Minotaurus: no idae I'm gonna stream it
(99:56 / All) bobsandersisgod: men touching each other in underwear
(99:59 / All) Minotaurus: mousasi fighting
(100:01 / All) Fire.Lord.Zuko: BROCK LESNER IS A BITCH!
(100:07 / All) Fire.Lord.Zuko: HE IS ONE LUCKY BITCH!
(100:14 / All) Minotaurus: mousasi specializes in kickboxing
(100:29 / All) Fire.Lord.Zuko: who is he fighting next?
(100:48 / All) Minotaurus: Jake O'Brien who came in 21 lbs overweight for LHW grand prix tournament
(100:52 / All) Minotaurus: but they're fighting anyway
(101:08 / All) Minotaurus: oh
(101:10 / All) Minotaurus: lesnar
(101:13 / All) Fire.Lord.Zuko: do you guys know jon jones?
(101:14 / All) Minotaurus: is fighting cain Velasquez
(101:17 / All) bobsandersisgod: weight is over analyzed, its not gonna matter if they are 20 pounds heavier
(101:37 / All) Fire.Lord.Zuko: do you guys
(102:00 / All) bobsandersisgod: do we what
(102:10 / All) Fire.Lord.Zuko: do you guys know of jon jonnes?
(102:13 / All) Minotaurus: yes
(102:15 / All) Minotaurus: what about him
(102:30 / All) Fire.Lord.Zuko: i bet you 99% chance he is loseing his next fight
(102:39 / All) Minotaurus: Who is he facing
(102:42 / All) Fire.Lord.Zuko: cuase 99% chance its going to the ground
(102:57 / All) Fire.Lord.Zuko: i forget the name but he is a wrestles
(103:00 / All) Fire.Lord.Zuko: wrestler
(103:21 / All) Fire.Lord.Zuko: wow oj left?
(104:08 / All) bobsandersisgod: yes he did teal
(104:09 / All) Fire.Lord.Zuko: k good bye
(104:16 / All) bobsandersisgod: msn after this?
(104:19 / All) Fire.Lord.Zuko: 2-2
(104:20 / All) bobsandersisgod: lawl
(104:25 / All) Fire.Lord.Zuko: fags!
(104:28 / All) Minotaurus: yeah msn
(104:31 / All) bobsandersisgod: purp is only one with good record
(104:31 / All) bobsandersisgod: 65-64
(104:42 / All) bobsandersisgod: but i didnt like ur team